 Dungeon Crawl Stone Soup version 0.30-a0-777-ga9a30cbeda (webtiles) character file.

Game seed: 8415849152510219168

310 mistaj the Shield-Bearer (level 6, -11/40 HPs)
             Began as a Gargoyle Fighter on Feb 13, 2023.
             Mangled by an ogre
             ... wielding a +0 giant club
              (24 damage)
             ... on level 4 of the Dungeon.
             The game lasted 00:03:34 (2684 turns).

mistaj the Shield-Bearer (Gargoyle Fighter)         Turns: 2684, Time: 00:03:34

Health: -11/40     AC: 12    Str: 21    XL:     6   Next: 41%
Magic:  6/6        EV:  9    Int:  9    God:
Gold:   171        SH:  4    Dex:  9    Spells: 5/5 levels left

rFire   . . .      SeeInvis .    a - +0 war axe
rCold   . . .      Faith    .    c - +0 buckler
rNeg    + . .      Spirit   .    b - +0 scale mail
rPois   ∞          Reflect  .    (no helmet)
rElec   +          Harm     .    (no cloak)
rCorr   .          Rampage  .    (no gloves)
Will    .....                    g - +0 pair of boots Stlth
                                 f - amulet of magic regeneration
HPRegen 0.26/turn                (no ring)
MPRegen 0.50/turn                (no ring)

@: no status effects
A: sickness immunity, AC +4, negative energy resistance 1, electricity
resistance, torment resistance 1, petrification resistance
a: no special abilities


You were on level 4 of the Dungeon.
You visited 1 branch of the dungeon, and saw 4 of its levels.

You collected 171 gold pieces.

Inventory:

Hand Weapons
 a - a +0 war axe (weapon)
Armour
 b - a +0 scale mail (worn)
 c - a +0 buckler (worn)
 g - a +0 pair of boots (worn)
Jewellery
 f - an amulet of magic regeneration (around neck)
 j - a ring of ice
Wands
 p - a wand of charming (9)
Scrolls
 e - a scroll of enchant weapon {unknown}
 h - a scroll of butterflies {unknown}
 i - a scroll of immolation {unknown}
 l - 4 scrolls of identify {unknown}
 r - 2 scrolls of fear {unknown}
 t - a scroll of magic mapping {unknown}
 u - a scroll of torment {unknown}
 w - a scroll of teleportation {unknown}
Potions
 d - a potion of might
 k - a potion of degeneration {unknown}
 m - a potion of brilliance {unknown}
 n - 3 potions of magic {unknown}
 o - a potion of mutation {unknown}
 q - 2 potions of heal wounds {unknown}
 s - a potion of curing {unknown}
 v - a potion of experience {unknown}


   Skills:
 + Level 5.1 Fighting
 + Level 3.7 Axes
 - Level 3.2 Armour
 + Level 5.1 Shields


You had 5 spell levels left.
You didn't know any spells.
Your spell library contained the following spells:

 Spells                   Type           Power      Damage    Failure   Level
 Summon Small Mammal      Summ           0%         N/A       80%         1
 Call Canine Familiar     Summ           0%         N/A       99%         3
 Summon Guardian Golem    Hex/Summ       0%         N/A       99%         3
 Anguish                  Hex/Necr       0%         N/A       100%        4
 Enfeeble                 Hex            0%         N/A       100%        7


Dungeon Overview and Level Annotations

Branches:
Dungeon (4/15)
 Temple: D:4-7

Altars:
Kikubaaqudgha
Nemelex Xobeh


Innate Abilities, Weirdness & Mutations

You are immune to sickness and miasma.
Your stone body is resilient. (AC +4)
You are immune to poison.
You resist negative energy. (rN+)
You are resistant to electric shocks. (rElec)
You are resistant to unholy torment.
You are immune to petrification.


Message History

The adder bites you but does no damage. The adder completely misses you.
You slash the adder!
You kill the adder!
No target in view!
No target in view!
You see here an adder corpse.
Found an escape hatch in the floor.
Found a short sword.
An adder comes into view.
The adder hisses angrily.
Found a dagger.
You barely miss the adder. The adder closely misses you.
The adder barely misses you.
You slash the adder!
You kill the adder!
No target in view!
No target in view!
No target in view!
You now have 171 gold pieces (gained 7).
w - a scroll labelled MOQUGU COZO
There is an escape hatch in the floor here.
An ogre comes into view. It is wielding a +0 giant club.
Found 5 gold pieces.
The ogre shouts!
You hit the ogre.
The ogre is lightly wounded.
The ogre hits you with a +0 giant club!
You barely miss the ogre.
The ogre is lightly wounded.
You block the ogre's attack.
You hit the ogre but do no damage.
The ogre is lightly wounded.
The ogre hits you with a +0 giant club!
* * * LOW HITPOINT WARNING * * *
You are too injured to fight recklessly!
You slash the ogre!
The ogre is heavily wounded.
The ogre hits you with a +0 giant club!!
Ouch! That really hurt!
You die...

# .# # $.. # ##..###
.......
###....#################
......O@....>...........
#########.....##########
##########.######
#...............#####
#.............#..†...
#................####
#............#####
#)...........'.....
#............#####.


You could see an ogre.

Vanquished Creatures
  3 wights (D:4)
  An orc wizard (D:3)
  5 adders
  An ufetubus (D:4)
  A worm (D:3)
  A dart slug (D:1)
  4 orcs (D:3)
  8 ball pythons
  3 endoplasms
  2 giant cockroaches (D:1)
  6 goblins
  4 hobgoblins
  7 jackals
  4 quokkas
  8 bats
  3 kobolds
  3 rats
64 creatures vanquished.

Vanquished Creatures (others)
  A human (D:3)
1 creature vanquished.

Grand Total: 65 creatures vanquished

Notes
Turn   | Place    | Note
-------+----------+-------------------------------------------
     0 | D:1      | mistaj the Gargoyle Fighter began the quest for the Orb.
     0 | D:1      | Reached XP level 1. HP: 14/14 MP: 1/1
    99 | D:1      | Reached XP level 2. HP: 19/19 MP: 2/2
   343 | D:1      | Reached XP level 3. HP: 17/24 MP: 3/3
  1000 | D:2      | Reached XP level 4. HP: 28/29 MP: 4/4
  1760 | D:3      | Found a sparkling altar of Nemelex Xobeh.
  1859 | D:3      | Found an ancient bone altar of Kikubaaqudgha.
  1875 | D:3      | Noticed a human
  1876 | D:3      | Killed a human
  1943 | D:3      | Reached XP level 5. HP: 13/34 MP: 5/5
  2487 | D:4      | Reached XP level 6. HP: 32/40 MP: 6/6
  2493 | D:4      | Reached skill level 5 in Fighting
  2493 | D:4      | Reached skill level 5 in Shields
  2684 | D:4      | Mangled by an ogre

Illustrated notes

Levels and vault maps discovered:
D:1:      scummos_arrival_star, layout_basic
D:2:      layout_loops_corners, grunt_decor_fettered
D:3:      layout_rooms, tgw_kikubaaqudgha, nemelex_altar_shiori
D:4:      layout_basic, mainiacjoe_overflow_surrounded_room, minmay_door_square,
          serial_bayou_ford_a, grunt_decor_resistance

Skill      XL: |  1  2  3  4  5  6 |
---------------+-------------------+-----
Axes           | 2 3 |  3.7
Fighting       | 4 5 |  5.1
Shields        | 4 5 |  5.1
Armour         | |  3.2

Action                     |  1- 3 |  4- 6 || total
---------------------------+-------+-------++-------
  Melee: War axe           |   103 |   104 ||   207
 Armour: Scale mail        |    80 |    65 ||   145
  Dodge: Dodged            |    73 |    53 ||   126
  Block: Buckler           |    36 |    22 ||    58

Table legend: (Time is in decaauts)
 A = Elapsed time spent in this place.
 B = Non-inter-level travel time spent in this place.
 C = Inter-level travel time spent in this place.
 D = Time resting spent in this place.
 E = Time spent auto-exploring this place.
 F = Levels seen in this place.
 G = Mean time per level.
                   A        B        C        D        E       F      G
               +--------+--------+--------+--------+--------+-----+--------+
         Total |   2767 |   2722 |     45 |    496 |   1604 |   4 |  691.8 |
       Dungeon |   2767 |   2722 |     45 |    496 |   1604 |   4 |  691.8 |
               +--------+--------+--------+--------+--------+-----+--------+

Top non-repeatable levels by time:
     D:2: 960 daAuts
     D:1: 799 daAuts
     D:4: 540 daAuts
     D:3: 468 daAuts
